 Dungeon Crawl Stone Soup version 0.29.1-12-g30fa7ad0bf (webtiles) character file.

Game seed: 16809295272931745960

5058 Peloso the Carver (level 10, -6/88 HPs)
             Began as a Minotaur Fighter on Dec 22, 2022.
             Was a Believer of Okawaru.
             Mangled by an orc warlord
             ... wielding a +7 broad axe
              (32 damage)
             ... in a bailey.
             The game lasted 00:19:17 (7353 turns).

Peloso the Carver (Minotaur Fighter)                Turns: 7353, Time: 00:19:17

Health: -6/88      AC: 19    Str: 28    XL:     10   Next: 31%
Magic:  9/10       EV:  7    Int:  5    God:    Okawaru [**....]
Gold:   631        SH: 11    Dex: 13    Spells: 9/9 levels left

rFire   + . .      SeeInvis .   a - +4 falchion
rCold   + . .      Faith    .   d - +0 kite shield
rNeg    . . .      Spirit   .   D - +0 plate armour
rPois   .          Reflect  .   (helmet restricted)
rElec   .          Harm     .   f - scarf {rC+ rF+}
rCorr   .          Rampage  .   h - +0 pair of gloves
Will    .....                   (no boots)
Stlth   ..........              (no amulet)
HPRegen 0.24/turn               g - +4 ring of protection
MPRegen 0.12/turn               k - +6 ring of strength

@: hasted, very quick
A: horns 2, retaliatory headbutt
a: Renounce Religion, Heroism


You were in a bailey.
You worshipped Okawaru.
Okawaru was pleased with you.
You visited 1 branch of the dungeon, and saw 8 of its levels.
You also visited: Ossuary and Bailey.

You collected 631 gold pieces.

Inventory:

Hand Weapons
 a - a +4 falchion (weapon)
Missiles
 s - 3 throwing nets (quivered)
Armour
 c - a +0 buckler
 d - a +0 kite shield (worn)
 f - a scarf of resistance (worn)
 h - a +0 pair of gloves (worn)
 D - a +0 plate armour (worn)
Magical Staves
 b - a staff of fire
Jewellery
 g - a +4 ring of protection (left hand)
 k - a +6 ring of strength (right hand)
 q - a +6 ring of strength
 y - a ring of poison resistance
Wands
 r - a wand of polymorph (20)
 C - a wand of mindburst (3)
 F - a wand of iceblast (15)
Scrolls
 i - a scroll of silence
 o - 3 scrolls of magic mapping
 t - 3 scrolls of immolation
 u - a scroll of torment {unknown}
 v - 2 scrolls of summoning {unknown}
 w - 2 scrolls of blinking {unknown}
 A - 3 scrolls of teleportation {unknown}
 B - 2 scrolls of poison {unknown}
 E - a scroll of enchant armour
 H - a scroll of butterflies {unknown}
 I - a scroll of acquirement {unknown}
 J - a scroll of noise {unknown}
 N - 2 scrolls of fear {unknown}
Potions
 e - a potion of haste
 j - 5 potions of mutation
 l - a potion of heal wounds
 m - 5 potions of curing
 n - 2 potions of attraction {unknown}
 p - a potion of flight
 x - 2 potions of brilliance {unknown}
 z - 3 potions of ambrosia {unknown}
 G - a potion of resistance
 K - 2 potions of berserk rage {unknown}
 L - 4 potions of magic {unknown}
 M - a potion of degeneration {unknown}
 O - a potion of invisibility {unknown}


   Skills:
 + Level 8.0 Fighting
 + Level 11.6 Long Blades
 + Level 8.4 Armour
 + Level 3.8 Dodging
 + Level 1.1 Stealth
 + Level 8.9 Shields
 + Level 1.7 Invocations
 + Level 0.9 Evocations


You had 9 spell levels left.
You didn't know any spells.
Your spell library contained the following spells:

 Spells                   Type           Power      Damage    Failure   Level
 Passage of Golubria      Tloc           0%         N/A       100%        4
 Silence                  Hex/Air        0%         N/A       100%        5
 Lehudib's Crystal Spear  Conj/Erth      0%         10d2      100%        8


Dungeon Overview and Level Annotations

Branches:
Dungeon (8/15)             Temple (0/1) D:5         Ossuary (visited)
 Bailey (1/1)
   Lair: D:8-11

Altars:
Elyvilon
Hepliaklqana
Nemelex Xobeh
Okawaru
Qazlal
Uskayaw
Wu Jian
The Shining One


Innate Abilities, Weirdness & Mutations

You have a pair of horns on your head.
You reflexively headbutt those who attack you in melee.


Message History

You hit the orc warlord.
The orc warlord is lightly wounded.
The orc warlord hits you with a +7 broad axe!
You hit the orc warlord but do no damage.
You headbutt the orc warlord, but do no damage.
The orc warlord is lightly wounded.
You hit the orc warlord but do no damage.
The orc warlord is lightly wounded.
You completely miss the orc warlord. You headbutt the orc warlord.
The orc warlord is lightly wounded.
The orc warlord hits you with a +7 broad axe!!
You hit the orc warlord but do no damage.
You headbutt the orc warlord, but do no damage.
The orc warlord is lightly wounded.
You closely miss the orc warlord.
The orc warlord is lightly wounded.
You block the orc warlord's attack.
You slash the orc warlord!
The orc warlord is lightly wounded.
You hit the orc warlord but do no damage.
You headbutt the orc warlord, but do no damage.
The orc warlord is lightly wounded.
The orc warlord hits you with a +7 broad axe!
You slash the orc warlord! You headbutt the orc warlord!
The orc warlord is moderately wounded.
You hit the orc warlord.
You headbutt the orc warlord, but do no damage.
The orc warlord is moderately wounded.
You feel like a meek peon again.
The orc warlord hits you with a +7 broad axe!!
* * * LOW HITPOINT WARNING * * *
You feel much better.
You feel much better.
The orc warlord hits you with a +7 broad axe!!
* * * LOW HITPOINT WARNING * * *
You hit the orc warlord but do no damage.
The orc warlord is moderately wounded.
Unknown command.
The orc warlord hits you with a +7 broad axe!!
You die...

.##~~~#~~~####..)[..##
.#~}.....~#~~#.....##
.#~!........~#....##
.##8.8...8.8~##...#
..#.........~~'...#
..#....∩....~~'...#
..#.........~~'...#
.##8.8...8.8~##o..#
.#~!........~#..@.##
.#~:.....~#~~#.....##
.##~~~#~~~####......##
..#########......8...#
..()().(..'..........#
...)#~~~~~#..........#
....#~~~~~#...8..8..##
...##~~~~~##.......##
..##.......##.....##


You could see an orc warlord.

Vanquished Creatures
  A boulder beetle (D:7)
  2 orc knights (Bailey)
  Maggie (D:7)
  Grinder (D:5)
  2 steam dragons
  Edmund (D:5)
  4 orc warriors
  2 ice beasts
  2 ogres
  A centaur (D:8)
  2 phantoms
  A bullfrog (D:6)
  2 necrophages
  2 scorpions
  9 wights (D:7)
  9 hounds
  Crazy Yiuf (D:5)
  A gnoll bouda (D:6)
  2 iguanas
  A jelly (D:4)
  Jessica (D:3)
  An orc wizard (D:3)
  9 mummies
  23 gnolls
  8 adders
  A shadow imp (D:7)
  3 white imps
  2 ufetubi
  A dart slug (D:2)
  11 orcs
  5 endoplasms
  4 giant cockroaches
  9 goblins
  12 hobgoblins
  9 jackals
  15 kobolds
  5 quokkas
  8 ball pythons
  7 bats
  3 frilled lizards (D:3)
  2 gnoll zombies (Ossuary)
  A hobgoblin zombie (Ossuary)
  2 kobold zombies (Ossuary)
  3 orc zombies (Ossuary)
  4 rats
196 creatures vanquished.

Notes
Turn   | Place    | Note
-------+----------+-------------------------------------------
     0 | D:1      | Peloso the Minotaur Fighter began the quest for the Orb.
     0 | D:1      | Reached XP level 1. HP: 19/19 MP: 0/0
    86 | D:1      | Reached XP level 2. HP: 20/27 MP: 1/1
   306 | D:1      | Reached XP level 3. HP: 24/33 MP: 2/2
   619 | D:2      | Found a hazy altar of Hepliaklqana.
   674 | D:2      | Reached skill level 3 in Long Blades
  1093 | D:2      | Found a faded altar of an unknown god.
  1150 | D:2      | Reached XP level 4. HP: 40/40 MP: 3/3
  1464 | D:3      | Noticed a steam dragon
  1480 | D:3      | Killed a steam dragon
  1481 | D:3      | Reached skill level 4 in Long Blades
  1481 | D:3      | Reached skill level 1 in Dodging
  1481 | D:3      | Reached XP level 5. HP: 40/47 MP: 4/4
  1488 | D:3      | Reached skill level 5 in Long Blades
  1531 | D:3      | You fall into a shaft and drop 2 floors!
  1531 | D:5      | Entered Level 5 of the Dungeon
  1546 | D:5      | Noticed Edmund
  1566 | D:5      | Killed Edmund
  1567 | D:5      | Reached skill level 6 in Long Blades
  1567 | D:5      | Reached XP level 6. HP: 47/53 MP: 5/5
  1665 | D:4      | Reached XP level 7. HP: 34/60 MP: 6/6
  1804 | D:4      | Reached skill level 5 in Armour
  2063 | D:3      | Reached skill level 7 in Long Blades
  2097 | D:3      | Noticed Jessica
  2111 | D:3      | Killed Jessica
  2112 | D:3      | Reached skill level 5 in Fighting
  2847 | D:4      | Reached skill level 5 in Shields
  3283 | D:5      | Reached skill level 8 in Long Blades
  3321 | D:5      | Found an iron altar of Okawaru.
  3341 | D:5      | Reached XP level 8. HP: 70/70 MP: 7/7
  3355 | D:5      | Became a worshipper of Warmaster Okawaru
  3395 | D:5      | Found a white marble altar of Elyvilon.
  3396 | D:5      | Found an ornate altar of the Wu Jian Council.
  3539 | D:5      | Noticed Grinder
  3552 | D:5      | Killed Grinder
  3552 | D:5      | Reached * piety under Okawaru
  3553 | D:5      | Reached skill level 9 in Long Blades
  3561 | D:5      | Found a hide-covered altar of Uskayaw.
  3677 | D:5      | Found a staircase to the Ecumenical Temple.
  4138 | D:5      | Found a runed translucent door.
  4139 | D:5      | Noticed Crazy Yiuf
  4310 | D:5      | Killed Crazy Yiuf
  4503 | D:6      | Found a stormy altar of Qazlal.
  4764 | D:6      | Found a sparkling altar of Nemelex Xobeh.
  5117 | D:7      | Reached XP level 9. HP: 78/78 MP: 5/8
  5323 | D:7      | Noticed Maggie
  5344 | D:7      | Killed Maggie
  5344 | D:7      | Reached ** piety under Okawaru
  5345 | D:7      | Reached skill level 10 in Long Blades
  5908 | D:7      | Noticed a boulder beetle
  5967 | D:7      | Killed a boulder beetle
  5968 | D:7      | Reached skill level 11 in Long Blades
  5968 | D:7      | Reached skill level 1 in Stealth
  5968 | D:7      | Reached skill level 1 in Invocations
  6101 | D:7      | Identified the +2 cloak of Indomitability {-Tele rElec rN++
                  | MP+9}
  6243 | D:7      | Found a glowing golden altar of the Shining One.
  6608 | D:8      | Found a sand-covered staircase.
  6614 | Ossuary  | Entered an ossuary
  6891 | D:8      | Reached XP level 10. HP: 74/86 MP: 7/10
  6902 | D:8      | Found a flagged portal.
  6915 | Bailey   | Entered a bailey
  6931 | Bailey   | Noticed an orc warlord
  7041 | Bailey   | Noticed an orc knight
  7069 | Bailey   | Killed an orc knight
  7156 | Bailey   | Noticed an orc knight
  7178 | Bailey   | Killed an orc knight
  7225 | Bailey   | Found a runed translucent gate.
  7227 | Bailey   | Found a runed translucent gate.
  7228 | Bailey   | Found a runed translucent gate.
  7251 | Bailey   | Reached *** piety under Okawaru
  7348 | Bailey   | HP: 4/88 [orc warlord/+7 broad axe (33)]
  7353 | Bailey   | Mangled by an orc warlord

Illustrated notes

Levels and vault maps discovered:
D:1:      mrwooster_arrival_arrow, layout_rooms
D:2:      layout_loops_ring, basic_altar, basic_ecumenical_altar,
          grunt_decor_fettered, minmay_hedge_maze
D:3:      layout_loops_cross, minmay_goblin_kobold_house, uniq_jessica
D:4:      layout_basic, serial_bayou_pond_b, abandoned_shop
D:5:      layout_loops_ring, nicolae_uskayaw_dance_hall,
          okawaru_metal_pillars_1_2, nicolae_overflow_squiral,
          minmay_temple_entry_mist, skrybe_limestone_x, minivault_27,
          serial_bayou_crossing, uniq_edmund, uniq_grinder,
          uniq_crazy_yiuf_cottage
D:6:      layout_loops_cross, mainiacjoe_overflow_concentric_impassable,
          mainiacjoe_overflow_brackets
D:7:      layout_basic, tso_altar, uniq_maggie
D:8:      layout_rooms, mainiacjoe_overflow_boulevard,
          nicolae_ossuary_entry_giza, enter_bailey_3, kennysheep_donut,
          uniq_grum
Bailey:   bailey_axe_bossmonster_kennysheep, bailey

Skill      XL: |  1  2  3  4  5  6  7  8  9 10 |
---------------+-------------------------------+-----
Armour         | 4 5 6 8 |  8.4
Shields        | 4 5 6 8 |  8.9
Fighting       | 4 5 6 7 8 |  8.0
Long Blades    | 3 4 6 8 9 11 | 11.6
Dodging        | 1 2 3 |  3.8
Stealth        | 1 |  1.1
Invocations    | 1 |  1.7
Evocations     | |  0.9

Action                   |  1- 3 |  4- 6 |  7- 9 | 10-12 || total
-------------------------+-------+-------+-------+-------++-------
Melee: Long sword        |    83 |    45 |   324 |       ||   452
       Headbutt          |    11 |     7 |    95 |    24 ||   137
       Falchion          |       |       |   131 |    85 ||   216
Invok: Heroism           |       |       |    12 |     5 ||    17
Evoke: Wand              |       |       |       |    10 ||    10
  Use: Scroll            |     2 |     3 |     5 |       ||    10
       Potion            |     2 |     2 |     2 |     3 ||     9
 Stab: Distracted        |       |       |     1 |       ||     1
Armor: Scale mail        |    58 |    17 |     5 |       ||    80
       Chain mail        |       |       |   176 |    24 ||   200
       Plate armour      |       |       |       |     1 ||     1
Dodge: Dodged            |    52 |    11 |   106 |    20 ||   189
Block: Buckler           |    36 |     3 |       |       ||    39
       Kite shield       |       |     8 |   206 |    38 ||   252
